 Dungeon Crawl Stone Soup version 0.31-a0-1338-gb567cfdca4 (webtiles) character file.

Game seed: 12583090000148496959

201 voltaire321 the Apothecary (level 5, -1/34 HPs)
             Began as an Octopode Alchemist on Dec 21, 2023.
             Killed from afar by Ijyb (14 damage)
             ... with an iceblast
             ... on level 4 of the Dungeon on Dec 22, 2023.
             The game lasted 00:11:44 (2742 turns).

voltaire321 the Apothecary (Octopode Alchemist)     Turns: 2742, Time: 00:11:45

Health: -1/34      AC:  1    Str:  8    XL:     5   Next: 79%
Magic:  6/18       EV: 13    Int: 19    God:
Gold:   171        SH:  0    Dex: 12    Spells: 2/9 levels left

rFire   . . .        g - +2 short sword (venom)
rCold   . . .        (no shield)
rNeg    . . .        (helmet restricted)
rPois   .            (no amulet)
rElec   .            n - ring of magical power
rCorr   .            (no ring)
SInv    .            (no ring)
Will    .....        (no ring)
Stlth   +++          (no ring)
HPRegen 0.25/turn    (no ring)
MPRegen 0.16/turn    (no ring)
                     (no ring)

%: no passive effects
@: no status effects
A: almost no armour, amphibious, 8 rings, camouflage 1, gelatinous body 1,
(nimble swimmer 1), tentacles
a: no special abilities


You were on level 4 of the Dungeon.
You visited 1 branch of the dungeon, and saw 4 of its levels.

You collected 171 gold pieces.

Inventory:

Hand Weapons
 g - a +2 short sword of venom (weapon)
 l - a +2 sling of flaming
 u - a +4 long sword
Missiles
 k - 6 curare-tipped darts
Jewellery
 n - a ring of magical power (left tentacle)
 s - an amulet of regeneration
Scrolls
 b - a scroll of summoning {unknown}
 c - 2 scrolls of blinking {unknown}
 d - 2 scrolls of teleportation
 e - 2 scrolls of vulnerability {unknown}
 f - 2 scrolls of identify
 h - a scroll of fog {unknown}
 i - a scroll of noise {unknown}
 j - a scroll of revelation {unknown}
 q - a scroll of fear {unknown}
 v - a scroll of enchant weapon {unknown}
 w - a scroll of acquirement {unknown}
Potions
 a - a potion of magic
 o - a potion of resistance
 p - a potion of heal wounds
 t - 2 potions of curing


   Skills:
 + Level 1.8 Fighting
 + Level 2.8 Dodging
 + Level 4.0 Stealth
 + Level 2.8 Spellcasting
 + Level 2.1 Conjurations
 + Level 1.2 Air Magic
 + Level 4.0 Alchemy


You had 2 spell levels left.
You knew the following spells:

 Your Spells              Type           Power      Damage    Failure   Level
a - Sting                 Conj/Alch      56%        1d6       4%          1
b - Mercury Vapours       Alch/Air       24%        N/A       8%          2
c - Olgreb's Toxic Radia  Alch           18%        N/A       28%         4

Your spell library contained the following spells:

 Spells                   Type           Power      Damage    Failure   Level
 Lesser Beckoning         Tloc           4%         N/A       24%         2
 Mephitic Cloud           Conj/Alch/Air  12%        N/A       17%         3
 Gell's Gravitas          Tloc           2%         N/A       43%         3
 Teleport Other           Tloc           2%         N/A       43%         3
 Sticky Flame             Fire/Alch      10%        2d5       56%         4
 Brom's Barrelling Bould  Conj/Erth      6%         2d3       69%         4
 Iskenderun's Battlesphe  Conj           10%        2d6       88%         5
 Fireball                 Conj/Fire      3%         3d4       95%         5
 Freezing Cloud           Conj/Ice/Air   3%         6-21      95%         5
 Conjure Ball Lightning   Conj/Air       4%         3x3d6     100%        6
 Orb of Destruction       Conj           5%         9d5       100%        7


Dungeon Overview and Level Annotations

Branches:
Dungeon (4/15)
 Temple: D:4-7

Altars:

Annotations:
D:4 3 runed translucent doors, Ijyb; bungle's ghost, amateur GnDe


Innate Abilities, Weirdness & Mutations

You cannot wear most types of armour.
You are amphibious.
You can wear up to eight rings at the same time.
Your skin changes colour to match your surroundings (Stealth+).
Your rubbery body absorbs attacks. (AC +1, EV +1)
((You are camouflaged when in or above water. (Stealth+)))
You have tentacles for arms and can constrict up to eight enemies at once.


Message History

Aiming: Mercury Vapours (safe; 9% risk of failure)
Press: ? - help, Dir - move target, f/p - orc wizard
Aim: an orc wizard, wielding a +0 dagger and wearing a +0 robe (heavily wounded, poisoned, weak, chance to weaken: 98%) Fumes of mercury billow around the orc wizard!
The orc wizard looks even sicker.
The orc wizard looks even weaker.
You barely miss the orc wizard. Your grab misses the orc wizard.
The orc wizard is severely wounded.
You hear the slow hiss of a very distant avalanche of sand.
The orc wizard gestures at you while chanting.
The puff of flame hits you!
* * * LOW HITPOINT WARNING * * *
You hit the orc wizard.
You kill the orc wizard!
Your Stealth skill increases to level 4!
Things that are here:
a +0 dagger; a +0 robe
Items here: ))))) [[[[ †††††.
Things that are here:
a +0 club; an orc corpse
Things that are here:
a +0 flail of venom; 2 boomerangs
Found a maw talisman.
Ijyb, a hobgoblin and an adder come into view.
Ijyb is wielding a +0 dagger and carrying a wand of iceblast.
Casting: Mercury Vapours (safe; 8% risk of failure)
Confirm with . or Enter, or press ? or * to list all spells.
Aiming: Mercury Vapours (safe; 8% risk of failure)
Press: ? - help, Dir - move target, f - adder
Aim: an adder (asleep, chance to weaken: 100%) Fumes of mercury billow around the adder!
The adder is poisoned.
The adder looks weaker.
Ijyb shouts!
Casting: Mercury Vapours (safe; 8% risk of failure)
Confirm with . or Enter, or press ? or * to list all spells.
Aiming: Mercury Vapours (safe; 8% risk of failure)
Press: ? - help, Dir - move target, f - Ijyb, p - adder
Aim: Ijyb, wielding a +0 dagger, wearing a +0 leather armour and carrying a wand of iceblast (chance to weaken: 98%) Fumes of mercury billow around Ijyb!
Ijyb is poisoned.
Ijyb looks weaker.
Ijyb zaps a wand.
The mass of ice explodes!
The iceblast engulfs you!
You die...

##....##.#.....##
#.#............#
#.##...........#
####.####+++#####.#
#.....#.(....W# #.#
#.%...#....(..# #.#
#.....#..8....###.###
#.....#.....((#......
#...@.# (.(. #.#####
#.....### ####.#
###.#.......####.#.##
.......S###......#.##
..........#######...#
.....##.#.# #...#
...g. #...# #...#
.... ... # #...# ...
#.S. #...#


You could see Ijyb (very poisoned, weak) and an adder (very poisoned).

Vanquished Creatures
  An orc priest (D:4)
  2 orc wizards (D:4)
  4 adders
  A worm (D:3)
  3 dart slugs
  6 orcs
  9 ball pythons
  4 bats
  5 endoplasms
  2 giant cockroaches
  7 goblins (D:3)
  2 hobgoblins
  3 jackals (D:1)
  5 kobolds
  6 quokkas
  7 frilled lizards
  6 rats
73 creatures vanquished.

Notes
Turn   | Place    | Note
-------+----------+-------------------------------------------
     0 | D:1      | voltaire321 the Octopode Alchemist began the quest for the
                  | Orb.
     0 | D:1      | Reached XP level 1. HP: 11/11 MP: 3/3
   213 | D:1      | Reached XP level 2. HP: 18/18 MP: 0/5
   887 | D:2      | Reached XP level 3. HP: 22/22 MP: 6/6
   933 | D:2      | Reached skill level 1 in Fighting
   942 | D:2      | Learned a level 2 spell: Mercury Vapours
  1536 | D:3      | Reached XP level 4. HP: 28/28 MP: 4/7
  1992 | D:3      | Learned a level 4 spell: Olgreb's Toxic Radiance
  2619 | D:4      | Found a runed translucent gate.
  2619 | D:4      | Found a runed translucent gate.
  2619 | D:4      | Found a runed translucent gate.
  2620 | D:4      | Noticed bungle's ghost (amateur GnDe)
  2678 | D:4      | Reached XP level 5. HP: 33/33 MP: 8/8
  2691 | D:4      | Reached skill level 1 in Air Magic
  2737 | D:4      | Noticed Ijyb
  2742 | D:4      | Killed from afar by Ijyb

Illustrated notes

Levels and vault maps discovered:
D:1:      amcnicky_arrival_flooded_fountain, layout_loops_ring
D:2:      layout_basic, serial_glass, glass_columns_a, glass_columns_b
D:3:      cheibrodos_old_hovel, layout_loops_corners, minmay_goblin_kobold_house
D:4:      layout_loops_cross, nicolae_ossuary_entry_plus,
          ebering_ghost_rock_garden, uniq_ijyb

Skill      XL: |  1  2  3  4  5 |
---------------+----------------+-----
Stealth        | 3 4 |  4.0
Fighting       | 1 |  1.8
Conjurations   | 2 |  2.1
Air Magic      | 1 |  1.2
Alchemy        | 4 |  4.0
Dodging        | |  2.8
Spellcasting   | |  2.8

Action                     |  1- 3 |  4- 6 || total
---------------------------+-------+-------++-------
  Melee: War axe           |    16 |       ||    16
         Constrict         |    12 |    13 ||    25
         Short sword       |    26 |    48 ||    74
         Tentacles         |     7 |     8 ||    15
   Cast: Sting             |    21 |    30 ||    51
         Mercury Vapours   |       |     7 ||     7
    Use: Scroll            |       |     7 ||     7
   Stab: Sleeping          |     7 |     4 ||    11
 Armour: Skin              |    13 |    16 ||    29
  Dodge: Dodged            |    25 |    29 ||    54

Table legend: (Time is in decaauts)
 A = Elapsed time spent in this place.
 B = Non-inter-level travel time spent in this place.
 C = Inter-level travel time spent in this place.
 D = Time resting spent in this place.
 E = Time spent auto-exploring this place.
 F = Levels seen in this place.
 G = Mean time per level.
                   A        B        C        D        E       F      G
               +--------+--------+--------+--------+--------+-----+--------+
         Total |   2747 |   2663 |     84 |     83 |   1878 |   4 |  686.8 |
       Dungeon |   2747 |   2663 |     84 |     83 |   1878 |   4 |  686.8 |
               +--------+--------+--------+--------+--------+-----+--------+

Top non-repeatable levels by time:
     D:3: 1090 daAuts
     D:1: 892 daAuts
     D:2: 582 daAuts
     D:4: 182 daAuts
